 Dungeon Crawl Stone Soup version 0.30-a0-1114-gd936c97349 (webtiles) character file.

Game seed: 17469296624052302749

93 sampeng1 the Chopper (level 4, -2/36 HPs)
             Began as a Human Berserker on Apr 21, 2023.
             Was a Believer of Trog.
             Killed from afar by Sigmund (18 damage)
             ... with a bolt of dispelling energy
             ... on level 2 of the Dungeon.
             The game lasted 00:05:58 (1377 turns).

sampeng1 the Chopper (Human Berserker)              Turns: 1377, Time: 00:05:59

Health: -2/36      AC: 11    Str: 25    XL:     4   Next: 91%
Magic:  4/4        EV: 14    Int:  7    God:    Trog [**....]
Gold:   64         SH:  0    Dex: 13    Spells: 3/3 levels left

rFire   . . .      SeeInvis .    a - +0 hand axe
rCold   . . .      Faith    .    (no shield)
rNeg    . . .      Spirit   .    j - +0 chain mail
rPois   .          Reflect  .    c - +1 helmet
rElec   .          Rampage  .    (no cloak)
rCorr   .                        (no gloves)
Will    .....                    (no boots) Stlth
                                 (no amulet)
HPRegen 0.26/turn                f - +5 ring of evasion
MPRegen 0.09/turn                h - +6 ring of strength

@: no status effects
A: no striking features
a: Renounce Religion, Berserk, Trog's Hand


You were on level 2 of the Dungeon.
You worshipped Trog.
Trog was pleased with you.
You visited 1 branch of the dungeon, and saw 2 of its levels.

You collected 108 gold pieces.
You spent 44 gold pieces at shops.

Inventory:

Hand Weapons
 a - a +0 hand axe (weapon)
Missiles
 e - 2 poisoned darts (quivered)
Armour
 b - a +0 animal skin
 c - a +1 helmet (worn)
 j - a +0 chain mail (worn)
Jewellery
 f - a +5 ring of evasion (left hand)
 h - a +6 ring of strength (right hand)
Potions
 d - a potion of curing {unknown}
 g - 2 potions of attraction {unknown}
 i - 2 potions of mutation


   Skills:
 + Level 3.6 Fighting
 + Level 3.7 Axes
 + Level 2.8 Armour
 + Level 2.8 Dodging


You had 3 spell levels left.
You didn't know any spells.
Your spell library was empty.

Dungeon Overview and Level Annotations

Branches:
Dungeon (2/15)

Altars:

Shops:
D:1 *

Annotations:
D:2 Sigmund


Message History

You closely miss Sigmund.
Sigmund is moderately wounded.
Sigmund mumbles some strange words.
Sigmund flickers and vanishes!
Deactivating autopickup; reactivate with Ctrl-A.
You miss something. Something hits you but does no damage.
You closely miss something. Something hits you but does no damage.
You barely miss something. You barely miss something. Something hits you!
You miss something.
You hear some strange, mumbled words.
You are confused.
Something hits you but does no damage.
You see here a ball python corpse.
You hear a zap.
A bolt of dispelling energy appears from out of thin air!
The bolt of dispelling energy hits you!
Your magical effects are unravelling.
You feel less confused. Something hits you but does no damage.
You see here a +0 short sword.
You hear some strange, mumbled words.
You are confused.
Something hits you but does no damage.
You are too confused!
You bump into the rock wall.
You hear some strange, mumbled words.
Something tries to affect you, but you resist.
You slash something! Something barely misses you.
You feel less confused.
You see here a ball python corpse.
Something hits you but does no damage.
You hit something. Something hits you.
You closely miss something. You barely miss something.
You hear a zap.
A bolt of dispelling energy appears from out of thin air!
The bolt of dispelling energy hits you!!
Ouch! That really hurt!
You die...

#.#....##
#.###.#...
#.####..# #.#
#..†.. #.# ##.#
##.# ##.... #.#
#.#
............
#.## #.##
#....#####...
..... #).#
#...### #...
##....##.##
#....# #...
#..#).##(...#
####
#....@{...###
..####†)......#
#
#.......#####..
# ##..>.).# #
#.......# #
##...#....[#
####.....#
#...... .†...#
#.....# ######
#######


There were no monsters in sight!

Vanquished Creatures
  Robin (D:2)
  3 adders (D:2)
  A worm (D:2)
  4 ball pythons
  4 bats
  5 endoplasms
  15 goblins
  5 hobgoblins
  A quokka (D:1)
  2 frilled lizards
  4 kobolds
  3 rats
48 creatures vanquished.

Notes
Turn   | Place    | Note
-------+----------+-------------------------------------------
     0 | D:1      | sampeng1 the Human Berserker began the quest for the Orb.
     0 | D:1      | Reached XP level 1. HP: 18/18 MP: 1/1
    43 | D:1      | Found a faded altar of an unknown god.
    54 | D:1      | Reached XP level 2. HP: 18/24 MP: 2/2
   241 | D:1      | Found Wymma's General Store.
   565 | D:1      | Reached XP level 3. HP: 15/29 MP: 3/3
   929 | D:1      | Bought a potion of might for 44 gold pieces
  1183 | D:2      | Reached XP level 4. HP: 35/35 MP: 4/4
  1218 | D:2      | Reached ** piety under Trog
  1270 | D:2      | Noticed Robin
  1285 | D:2      | Killed Robin
  1344 | D:2      | Noticed Sigmund
  1377 | D:2      | Killed from afar by Sigmund

Illustrated notes

Levels and vault maps discovered:
D:1:      eino_arrival_tree_alley, layout_loops_ring,
          hellmonk_ecumenical_altar_blasted, serial_shops,
          nicolae_shop_just_a_little_nook, ebering_dispersal_statue_hall
D:2:      layout_rooms, grunt_ministairs_11, uniq_sigmund, uniq_robin,
          uniq_natasha

Action                     |  1- 3 |  4- 6 || total
---------------------------+-------+-------++-------
  Melee: Hand axe          |    84 |    54 ||   138
         Punch             |     1 |       ||     1
 Invoke: Berserk           |     1 |     1 ||     2
    Use: Scroll            |     3 |       ||     3
         Potion            |       |     1 ||     1
   Stab: Sleeping          |     2 |       ||     2
 Armour: Animal skin       |     5 |       ||     5
         Chain mail        |     8 |    18 ||    26
  Dodge: Dodged            |    73 |    40 ||   113

Table legend: (Time is in decaauts)
 A = Elapsed time spent in this place.
 B = Non-inter-level travel time spent in this place.
 C = Inter-level travel time spent in this place.
 D = Time resting spent in this place.
 E = Time spent auto-exploring this place.
 F = Levels seen in this place.
 G = Mean time per level.
                   A        B        C        D        E       F      G
               +--------+--------+--------+--------+--------+-----+--------+
         Total |   1405 |   1362 |     43 |    111 |    677 |   2 |  702.5 |
       Dungeon |   1405 |   1362 |     43 |    111 |    677 |   2 |  702.5 |
               +--------+--------+--------+--------+--------+-----+--------+

Top non-repeatable levels by time:
     D:1: 996 daAuts
     D:2: 409 daAuts
